 Dungeon Crawl Stone Soup version 0.20.1-1-g8b1a95d (webtiles) character file.

181 Ravissant the Poker (level 5, 0/38 HPs)
             Began as a Merfolk Gladiator on Aug 12, 2017.
             Slain by a centaur (2 damage)
             ... on level 4 of the Dungeon.
             The game lasted 00:24:05 (2957 turns).

Ravissant the Poker (Merfolk Gladiator)             Turns: 2957, Time: 00:24:06

Health: 0/38       AC:  4    Str: 15    XL:     5   Next: 61%
Magic:  5/5        EV: 14    Int:  8    God:
Gold:   188        SH:  0    Dex: 15    Spells: 4/4 levels left

rFire    . . .     SeeInvis .   a - +3 trident
rCold    . . .     Gourm    .   (no shield)
rNeg     . . .     Faith    .   b - +0 leather armour
rPois    .         Spirit   .   c - +0 helmet
rElec    .         Reflect  .   k - scarf {cloud immunity}
rCorr    .         Harm     .   (no gloves)
MR       .....                  (no boots)
Stlth    ++........             (no amulet)
Regen    0.2/turn               (no ring)
MPRegen  0.1/turn               (no ring)

@: no status effects
A: change form in water, swift swim, stealthy swim
a: no special abilities


You were on level 4 of the Dungeon.
You were not hungry.

You visited 1 branch of the dungeon, and saw 4 of its levels.

You collected 188 gold pieces.

Inventory:

Hand Weapons
 a - a +3 trident (weapon)
Missiles
 d - 3 throwing nets (quivered)
Armour
 b - a +0 leather armour (worn)
 c - a +0 helmet (worn)
 k - a scarf of cloud immunity (worn)
 l - a cursed +0 buckler
Jewellery
 p - an uncursed amulet of faith
 u - an uncursed amulet of magic regeneration
Wands
 r - a wand of lightning (6/15)
 s - a wand of random effects (20/48)
 t - a wand of confusion (14/48)
Scrolls
 m - a scroll of remove curse
 w - a scroll of magic mapping {unknown}
Potions
 i - 2 potions of haste {unknown}
 j - a potion of might {unknown}
 n - 2 potions of magic {unknown}
 o - 2 potions of heal wounds {unknown}
 q - a potion of flight {unknown}
 v - a potion of resistance {unknown}
Comestibles
 f - 4 bread rations
 g - 3 royal jellies
 h - a meat ration


   Skills:
 - Level 2.2 Fighting
 - Level 7.0 Polearms
 - Level 2.0 Throwing
 - Level 0.3 Armour
 + Level 4.9 Dodging
 - Level 3.0 Stealth


You had 4 spell levels left.
You didn't know any spells.

Dungeon Overview and Level Annotations

Branches:
Dungeon (4/15)
 Temple: D:4-7

Altars:
Ashenzari
Zin


Message History

You hear an angry hiss. x2
You feel better.
The centaur shoots an arrow.
The arrow hits you.
You rip the net and break free!
The centaur shoots an arrow.
The arrow hits you!
* * * LOW HITPOINT WARNING * * *
You feel better.
The centaur shoots an arrow.
The arrow hits you!
* * * LOW HITPOINT WARNING * * *
Things that are here:
an arrow; a throwing net The centaur unwields an uncursed shortbow.
The centaur hits you.
* * * LOW HITPOINT WARNING * * *
Aiming: Random Effects (will waste charges)
Press: ? - help, Shift-Dir - straight line, f - centaur, p - gnoll
Aim: a centaur (heavily wounded)
The centaur flickers and vanishes!
Deactivating autopickup; reactivate with Ctrl-A.
Evoking this partially-identified wand wasted a few charges.
Something hits you.
You die...

..### ##.......#
#....###.......#
#....#.####.##
#....# ###
#####..###
#........###
#..........#
##$...[.###...
#>...g@..# #.
#.....{..##
#...?.gg..#
#.........#
#.....)...#
#.........$#
...........#
.#.......?.#
#.........#


You could see 3 gnolls.

Vanquished Creatures
  Ijyb (D:3)
  A gnoll (D:4)
  6 adders
  3 worms
  5 dart slugs
  A leopard gecko (D:1)
  4 giant cockroaches (D:1)
  9 goblins
  8 hobgoblins
  4 jackals
  A quokka (D:3)
  A ball python (D:1)
  11 bats
  3 frilled lizards
  5 kobolds
  14 rats
77 creatures vanquished.

Notes
Turn   | Place    | Note
-------+----------+-------------------------------------------
     0 | D:1      | Ravissant the Merfolk Gladiator began the quest for the Orb.
     0 | D:1      | Reached XP level 1. HP: 16/16 MP: 1/1
    82 | D:1      | Reached XP level 2. HP: 22/22 MP: 2/2
   246 | D:1      | Reached skill level 5 in Polearms
   524 | D:1      | Reached XP level 3. HP: 27/27 MP: 3/3
  1028 | D:2      | Reached skill level 6 in Polearms
  1241 | D:2      | Reached XP level 4. HP: 29/33 MP: 4/4
  1467 | D:2      | Reached skill level 7 in Polearms
  1625 | D:2      | Found a shattered altar of Ashenzari.
  1829 | D:3      | Reached skill level 1 in Stealth
  1969 | D:3      | Reached XP level 5. HP: 20/38 MP: 5/5
  2283 | D:3      | Found a glowing silver altar of Zin.
  2332 | D:3      | Noticed Ijyb
  2343 | D:3      | Killed Ijyb
  2946 | D:4      | Noticed a centaur
  2957 | D:4      | Slain by a centaur

Skill      XL: |  1  2  3  4  5 |
---------------+----------------+-----
Polearms       | 5 6 7 |  7.0
Stealth        | 1 3 |  3.0
Fighting       | |  2.2
Throwing       | |  2.0
Armour         | |  0.3
Dodging        | |  4.9

Action                   |  1- 3 |  4- 6 || total
-------------------------+-------+-------++-------
Melee: Trident           |   104 |   118 ||   222
Evoke: Wand              |       |     2 ||     2
  Use: Scroll            |     1 |     7 ||     8
       Potion            |       |     3 ||     3
 Stab: Sleeping          |     1 |     1 ||     2
  Eat: Chunk             |     1 |       ||     1
       Bread ration      |       |     1 ||     1
       Royal jelly       |       |     1 ||     1
Armor: Leather armour    |    57 |    30 ||    87
Dodge: Dodged            |   142 |    95 ||   237
